Map: [ESL] Glittering Ashes

Players

Astrea

  • Race: Protoss Protoss

Zest - Winner!

  • Race: Protoss Protoss

Event: IEM Katowice 2022

VOD

Have the link to the VOD?

Description

Time

  • Played on: Feb. 25, 2022, 7:58 a.m.
  • Length: 6:14

All games in this series

Show
View Real Time Build Order
Export as new Build Order

Astrea Protoss 

Build Orders:  

Get SALT Encoding   

  12  0:00  Probe  
  13  0:12  Probe  
  14  0:17  Pylon  
  14  0:24  Probe (Chrono Boost)  
  15  0:36  Probe (Chrono Boost)  
  15  0:38  Gateway  
  16  0:45  Probe (Chrono Boost)  
  16  0:46  Assimilator  
  17  0:51  Probe  
  17  0:55  Assimilator  
  18  1:03  Probe (Chrono Boost)  
  19  1:07  Pylon  
  20  1:12  Probe (Chrono Boost)  
  20  1:17  Probe (Chrono Boost)  
  21  1:28  Cybernetics Core  
  21  1:29  Probe  
  24  1:41  Probe  
  26  1:58  Nexus  
  23  2:05  Stalker  
  25  2:09  Probe  
  25  2:10  Warp Gate (Chrono Boost)  
  26  2:21  Probe  
  27  2:33  Probe  
  27  2:35  Stalker  
  29  2:46  Probe  
  30  2:53  Gateway  
  30  2:56  Gateway  
  30  3:00  Shield Battery  
  30  3:06  Shield Battery  
  30  3:07  Probe  
  30  3:12  Probe  
  32  3:19  Probe  
  33  3:23  Pylon  
  33  3:24  Probe  
  34  3:31  Probe  
  35  3:36  Probe  
  36  3:43  Probe  
  36  3:48  Probe  
  38  3:50  Stalker  
  38  3:52  Stalker  
  38  3:54  Stalker  
  38  3:55  Probe  
  45  4:00  Probe  
  46  4:07  Probe  
  45  4:12  Probe  
  45  4:16  Stalker x2  
  47  4:26  Stalker  
  51  4:36  Stalker  
  51  4:37  Stalker  
  53  4:45  Probe  
  54  4:46  Pylon  
  54  4:54  Stalker  
  54  5:00  Twilight Council  
  52  5:07  Stalker x2  
  56  5:18  Robotics Facility  
  56  5:21  Shield Battery  
  56  5:24  Pylon  
  56  5:30  Pylon  
  56  5:35  Pylon  
  52  5:40  Robotics Facility  
  52  5:42  Sentry  
  50  5:49  Stalker  
  47  5:58  Pylon  
  41  6:10  Stalker  
Show
View Real Time Build Order
Export as new Build Order

Zest Protoss - Winner!

Build Orders: Oracle Opening, Dark Templar Rush 

Get SALT Encoding   

  12  0:00  Probe  
  13  0:12  Probe  
  14  0:17  Pylon  
  14  0:24  Probe (Chrono Boost)  
  15  0:36  Probe (Chrono Boost)  
  15  0:37  Gateway  
  16  0:44  Probe (Chrono Boost)  
  16  0:47  Assimilator  
  17  0:51  Probe  
  18  1:03  Probe (Chrono Boost)  
  19  1:04  Assimilator  
  19  1:05  Pylon  
  19  1:12  Probe (Chrono Boost)  
  19  1:17  Probe (Chrono Boost)  
  20  1:24  Cybernetics Core  
  21  1:29  Probe  
  22  1:33  Zealot  
  24  1:41  Probe  
  25  1:53  Probe  
  26  2:00  Adept  
  28  2:08  Stargate  
  28  2:27  Nexus  
  28  2:33  Warp Gate  
  29  2:45  Pylon  
  29  2:48  Oracle (Chrono Boost)  
  30  2:57  Twilight Council  
  30  3:00  Probe  
  31  3:12  Probe  
  32  3:17  Void Ray (Chrono Boost)  
  34  3:28  Gateway  
  34  3:32  Shield Battery  
  34  3:48  Dark Shrine  
  34  3:53  Pylon  
  34  4:17  Gateway  
  34  4:25  Stalker x2  
  34  4:29  Probe x2  
  40  4:41  Probe x2  
  40  4:44  Stalker x2  
  46  5:14  Pylon  
  46  5:18  Dark Templar x2  
  47  5:26  Nexus  
  47  5:38  Dark Templar  
  49  5:49  Pylon  
  49  5:53  Stalker x2  

Tags
 
Add a new tag
Caveats
  • Supply blocks, unpowered buildings, or Contaminate may cause inaccurate times.
  • Supply counts are checked every 10 seconds.